AoeStats
← THL

Arena

506338925Analyzed
2v2 RM · 20d ago on Sep 13, 2026· 28m 19s· 4 players
Game mode
Random Map
Map size
Medium (4 player)
Population
200
Speed
Normal
Resources
Standard
Victory
Conquest
Starting age
Dark Age
Ending age
Imperial Age
RankedLock teamsTeams togetherTeam positionsShared explorationLock speedFull tech treeHidden civsTurbo modeCheats
Victory
Defeat
🇻🇳 Ethiopians · Vietnam
1590
+13
🇧🇷 Celts · Brazil
1514
+16
🇻🇳 Italians · Vietnam
1546
-16
🇨🇳 Koreans · China
1493
-13
表哥
10:23 Feudal Age
10:35 Loom
10:39 Loom
14:08 Castle Age
12:25 Double-Bit Axe
18:55 Horse Collar
21:00 Loom
21:51 Town Watch
23:32 Wheelbarrow
23:27 Stone Mining
23:28 Gold Mining
24:03 Bow Saw
25:13 Heavy Plow
26:42 Fletching
THL
10:42 Feudal Age
14:30 Castle Age
12:35 Loom
12:39 Double-Bit Axe
15:29 Bow Saw
21:41 Fletching
25:34 Wheelbarrow
26:54 Crossbowman
27:43 Bodkin Arrow
AeroLag
12:28 Feudal Age
13:24 Double-Bit Axe
13:40 Horse Collar
16:32 Castle Age
16:11 Loom
22:06 Scale Mail Armor
25:36 Forging
DEXXTER
10:24 Feudal Age
10:29 Feudal Age
14:43 Castle Age
12:45 Double-Bit Axe
12:43 Horse Collar
13:27 Gold Mining
15:56 Squires
15:59 Scale Mail Armor
17:37 Chain Mail Armor
17:10 Arson
26:04 Forging
Connection lost

Rejoining the realm…

Still unreachable

The connection could not be restored.

Session expired

The server has moved on; the page needs a fresh start.